Devils vs Kings

Created - 2 décembre 2015 at 23:26

Goals
1 2 3 T
Devils 1 0 0 1
Kings 1 3 1 5
Shots
1 2 3 T
Devils 7 13 10 30
Kings 7 13 18 38

1st period

1. Kings , Jordan Nolan 1 (Dion Phaneuf, Anze Kopitar) at 4:02 (PP)
2. Devils , Oliver Ekman-Larsson 1 (Jordan Eberle, Milan Michalek) at 7:10

Penalties :
Brad Ference (NJD) for Holding (Minor) at 3:41, Dustin Byfuglien (LAK) for High sticking (Minor) at 17:31, Zach Parise (NJD) for Hooking (Minor) at 17:37

2nd period

3. Kings , Tomas Kaberle 3 (Anze Kopitar) at 2:49
4. Kings , Guillaume Latendresse 6 (Anze Kopitar) at 9:03
5. Kings , Matt Duchene 8 (Trevor Daley, Johnny Oduya) at 10:39

Penalties :
Jiri Hudler (NJD) for Slashing (Minor) at 4:20, Oliver Ekman-Larsson (NJD) for Tripping (Minor) at 10:44, Miroslav Satan (LAK) for Hooking (Minor) at 13:25

3rd period

6. Kings , Matt Duchene 9 (Johnny Oduya, Andrei Kostitsyn) at 11:37

Penalties :
Vincent Lecavalier (NJD) for Tripping (Minor) at 15:14

Goalie Stats

Evgeni Nabokov (NJD), 12 saves from 16 shots - (0,750), L, 2-9-0, 30:39 minutes
James Reimer (NJD), 21 saves from 22 shots - (0,955), 29:21 minutes
Viktor Fasth (LAK), 29 saves from 30 shots - (0,967), W, 11-8-0, 60:00 minutes

Players Stats for Devils

Player Name              G  A  P  +/- PIM S  H  SB GA TA FO     MP     PP MP  PK MP  
------------------------------------------------------------------------------------
Ben Lovejoy              0  0  0  -1  0   0  1  1  0  0  0/0    19:33   1:21   2:40 
Brad Ference             0  0  0  -1  2   0  2  2  0  1  0/0    13:42   0:00   3:23 
Chris Mcallister         0  0  0   0  0   2  0  0  0  0  0/0     8:03   0:00   1:34 
Cody Franson             0  0  0  -2  0   2  0  2  0  1  0/0    15:46   0:44   0:06 
Dave Tanabe              0  0  0   0  0   1  0  2  0  0  0/0    25:33   0:00   3:44 
Evgeny Artyukhin         0  0  0   0  0   1  0  0  0  0  0/0     7:05   0:19   0:00 
Greg Stewart             0  0  0  -1  0   3  1  1  0  0  0/0     9:46   0:00   0:07 
Jiri Hudler              0  0  0   1  2   2  2  1  0  0  7/15   16:03   0:00   0:46 
Jordan Eberle            0  1  1   1  0   3  4  0  0  0  0/1    15:48   0:43   0:00 
Logan Couture            0  0  0  -1  0   2  3  0  0  1  5/11   13:07   1:03   1:23 
Michael Frolik           0  0  0  -3  0   0  2  0  0  1  0/0    18:59   1:03   0:00 
Mike Komisarek           0  0  0  -2  0   0  2  0  0  2  0/0    22:56   0:44   2:55 
Milan Michalek           0  1  1   1  0   3  0  2  0  0  2/4    20:09   0:43   3:38 
Oliver Ekman-Larsson     1  0  1   0  2   3  2  3  0  1  0/0    22:48   1:21   0:00 
Patrick Eaves            0  0  0  -1  0   0  1  0  0  0  1/4    12:30   0:19   1:47 
Steve Ott                0  0  0   0  0   0  0  0  0  0  0/2     7:02   0:19   0:00 
Vincent Lecavalier       0  0  0  -3  2   4  3  1  1  1  14/27  22:22   0:43   2:28 
Zach Parise              0  0  0  -3  2   4  2  1  0  1  0/1    20:26   1:02   1:05 

Players Stats for Kings

Player Name              G  A  P  +/- PIM S  H  SB GA TA FO     MP     PP MP  PK MP  
------------------------------------------------------------------------------------
Andrei Kostitsyn         0  1  1   1  0   6  3  1  1  0  0/0    19:15   3:28   0:23 
Anze Kopitar             0  3  3   2  0   5  5  1  1  0  18/34  20:02   3:41   0:00 
Blake Wheeler            0  0  0   2  0   3  4  0  0  0  0/0    18:54   2:45   0:23 
Boyd Devereaux           0  0  0   0  0   1  0  0  0  0  6/9    13:13   0:00   0:59 
Dion Phaneuf             0  1  1   0  0   2  0  1  1  0  0/0    26:03   3:39   1:01 
Drew Doughty             0  0  0   0  0   1  1  0  1  0  0/0    17:00   3:39   1:01 
Dustin Byfuglien         0  0  0   0  2   1  0  0  0  0  0/0     8:21   0:13   0:43 
Guillaume Latendresse    1  0  1   2  0   1  1  0  0  0  0/0    18:51   2:43   0:00 
Johnny Oduya             0  2  2   3  0   2  0  0  0  0  0/0    22:22   2:45   1:02 
Jordan Nolan             1  0  1   0  0   1  1  0  0  0  1/5    11:19   3:28   0:00 
Lubomir Visnovsky        0  0  0   0  0   0  1  2  1  1  0/0    12:37   0:00   1:04 
Martin Samuelsson        0  0  0   0  0   1  1  0  0  0  1/1     8:15   0:00   0:59 
Matt Duchene             2  0  2   1  0   2  2  0  0  0  10/14  18:10   2:43   0:00 
Miroslav Satan           0  0  0   0  2   1  2  0  1  0  0/1    12:22   0:00   0:00 
Scottie Upshall          0  0  0   0  0   3  2  1  1  0  0/0    13:20   0:13   0:43 
Tomas Kaberle            1  0  1   0  0   2  2  0  1  0  0/0    20:27   0:00   0:00 
Trevor Daley             0  1  1   3  0   2  2  2  0  0  0/0    17:58   0:00   0:02 
Vladimir Tarasenko       0  0  0   1  0   4  0  0  1  0  0/1    17:31   2:43   0:00 

3 Stars

1 - Anze Kopitar (LAK)
2 - Matt Duchene (LAK)
3 - Viktor Fasth (LAK)

Power Play

Devils - 0 on 2 Attempt(s) - 0,00%
Kings - 1 on 5 Attempt(s) - 20,00%

Penalty Kill

Devils - 4 on 5 Attempt(s) - 80,00% - Score 0 goal in Penalty Kill
Kings - 2 on 2 Attempt(s) - 100,00% - Score 0 goal in Penalty Kill

Team Stat

Devils - Hits : 25 - Faceoff Wins : 29 - Blocked Shots : 16 - Penalty Minutes : 10
Kings - Hits : 27 - Faceoff Wins : 36 - Blocked Shots : 8 - Penalty Minutes : 4

Official

Referees : Walsh Ian and Kowal Tom
Linesman : Vaughan Rody and Pierre Racicot

Game Notes

4:02 of 1st period - Kings goal is going for a video replay. After video review, Goal.
James Reimer enters game at 10:39 of 2nd period

Finance

Level 1 -- Attendance: 6000 (100,00%) -- Ticket Income 390 000 $
Level 2 -- Attendance: 5000 (100,00%) -- Ticket Income 200 000 $
Level 3 -- Attendance: 2000 (100,00%) -- Ticket Income 40 000 $
Level 4 -- Attendance: 4000 (100,00%) -- Ticket Income 60 000 $
Luxury Box -- Attendance: 1000 (100,00%) -- Ticket Income 125 000 $
Game was played at the Staples Center'
Total Attendance: 18000 (100,00%)
Total Ticket Income: 815 000 $
Other Income: 122 250 $
Total Income: 937 250 $

Devils

5 vs 5 Forward 
   Center                   Left Wing                Right Wing               Time % Phy DF OF 
 1 Vincent Lecavalier       Zach Parise              Michael Frolik           40     1   2  2  
 2 Jiri Hudler              Milan Michalek           Jordan Eberle            30     1   2  2  
 3 Logan Couture            Greg Stewart             Patrick Eaves            20     1   2  2  
 4 Steve Ott                Chris Mcallister         Evgeny Artyukhin         10     1   2  2  

5 vs 5 Defense 
   Defense                  Defense                                           Time % Phy DF OF 
 1 Oliver Ekman-Larsson     Dave Tanabe                                       40     1   2  2  
 2 Ben Lovejoy              Mike Komisarek                                    30     1   2  2  
 3 Brad Ference             Cody Franson                                      20     1   2  2  
 4 Mike Komisarek           Cody Franson                                      10     1   2  2  

PowerPlay Forward 
   Center                   Left Wing                Right Wing               Time % Phy DF OF 
 1 Logan Couture            Zach Parise              Michael Frolik           60     1   2  2  
 2 Vincent Lecavalier       Milan Michalek           Jordan Eberle            40     1   2  2  

PowerPlay Defense
   Defense                  Defense                                           Time % Phy DF OF 
 1 Oliver Ekman-Larsson     Ben Lovejoy                                       60     1   2  2  
 2 Mike Komisarek           Cody Franson                                      40     1   2  2  

Penalty Kill 4 Players Forward 
   Center                   Wing                     Time % Phy DF OF 
 1 Vincent Lecavalier       Milan Michalek           60     1   2  2  
 2 Jiri Hudler              Zach Parise              40     1   2  2  

Penalty Kill 4 Players Defense
   Defense                  Defense                  Time % Phy DF OF 
 1 Brad Ference             Dave Tanabe              60     1   2  2  
 2 Ben Lovejoy              Mike Komisarek           40     1   2  2  

Penalty Kill - 3 Players Forward 
   Forward                                           Time % Phy DF OF 
 1 Zach Parise                                       60     1   2  2  
 2 Vincent Lecavalier                                40     1   2  2  

Penalty Kill - 3 Players Defense
   Defense                  Defense                  Time % Phy DF OF 
 1 Brad Ference             Dave Tanabe              60     1   2  2  
 2 Ben Lovejoy              Mike Komisarek           40     1   2  2  

4 vs 4 Forward 
   Center                   Wing                     Time % Phy DF OF 
 1 Zach Parise              Vincent Lecavalier       60     1   2  2  
 2 Milan Michalek           Michael Frolik           40     1   2  2  

4 vs 4 Defense
   Defense                  Defense                  Time % Phy DF OF 
 1 Mike Komisarek           Dave Tanabe              60     1   2  2  
 2 Ben Lovejoy              Mike Komisarek           40     1   2  2  

Last Minutes Offensive
   Center                   Left Wing                Right Wing               Defense                  Defense                  
   Vincent Lecavalier       Zach Parise              Michael Frolik           Cody Franson             Ben Lovejoy              

Last Minutes Defensive
   Center                   Left Wing                Right Wing               Defense                  Defense                  
   Vincent Lecavalier       Zach Parise              Michael Frolik           Dave Tanabe              Mike Komisarek           

Goaltenders
Starting : Evgeni Nabokov           
Backup : James Reimer             

Extra Forwards
Normal : Steve Ott, Evgeny Artyukhin, Patrick Eaves - PP : Steve Ott, Evgeny Artyukhin - PK : Patrick Eaves
Extra Defensemen
Normal : Oliver Ekman-Larsson, Cody Franson, Dave Tanabe - PP : Oliver Ekman-Larsson - PK : Mike Komisarek, Dave Tanabe
Penalty Shots
Zach Parise, Vincent Lecavalier, Milan Michalek, Michael Frolik, Jiri Hudler

Kings

5 vs 5 Forward 
   Center                   Left Wing                Right Wing               Time % Phy DF OF 
 1 Anze Kopitar             Guillaume Latendresse    Blake Wheeler            30     1   1  3  
 2 Matt Duchene             Andrei Kostitsyn         Vladimir Tarasenko       30     0   3  2  
 3 Boyd Devereaux           Scottie Upshall          Miroslav Satan           25     0   3  2  
 4 Jordan Nolan             Martin Samuelsson        Dustin Byfuglien         15     0   4  1  

5 vs 5 Defense 
   Defense                  Defense                                           Time % Phy DF OF 
 1 Dion Phaneuf             Tomas Kaberle                                     40     1   3  1  
 2 Johnny Oduya             Trevor Daley                                      35     1   3  1  
 3 Drew Doughty             Lubomir Visnovsky                                 25     1   3  1  
 4 Dion Phaneuf             Drew Doughty                                      0      1   3  1  

PowerPlay Forward 
   Center                   Left Wing                Right Wing               Time % Phy DF OF 
 1 Anze Kopitar             Andrei Kostitsyn         Jordan Nolan             60     1   1  3  
 2 Matt Duchene             Guillaume Latendresse    Vladimir Tarasenko       40     0   2  3  

PowerPlay Defense
   Defense                  Defense                                           Time % Phy DF OF 
 1 Drew Doughty             Dion Phaneuf                                      60     0   2  3  
 2 Johnny Oduya             Blake Wheeler                                     40     0   3  2  

Penalty Kill 4 Players Forward 
   Center                   Wing                     Time % Phy DF OF 
 1 Boyd Devereaux           Martin Samuelsson        60     0   4  1  
 2 Dustin Byfuglien         Scottie Upshall          40     0   4  1  

Penalty Kill 4 Players Defense
   Defense                  Defense                  Time % Phy DF OF 
 1 Lubomir Visnovsky        Johnny Oduya             60     1   4  0  
 2 Dion Phaneuf             Drew Doughty             40     1   4  0  

Penalty Kill - 3 Players Forward 
   Forward                                           Time % Phy DF OF 
 1 Boyd Devereaux                                    60     0   4  1  
 2 Dustin Byfuglien                                  40     0   4  1  

Penalty Kill - 3 Players Defense
   Defense                  Defense                  Time % Phy DF OF 
 1 Lubomir Visnovsky        Johnny Oduya             60     1   4  0  
 2 Drew Doughty             Dion Phaneuf             40     1   4  0  

4 vs 4 Forward 
   Center                   Wing                     Time % Phy DF OF 
 1 Anze Kopitar             Guillaume Latendresse    60     1   2  2  
 2 Matt Duchene             Andrei Kostitsyn         40     1   2  2  

4 vs 4 Defense
   Defense                  Defense                  Time % Phy DF OF 
 1 Dion Phaneuf             Drew Doughty             60     1   2  2  
 2 Johnny Oduya             Trevor Daley             40     1   2  2  

Last Minutes Offensive
   Center                   Left Wing                Right Wing               Defense                  Defense                  
   Matt Duchene             Andrei Kostitsyn         Anze Kopitar             Drew Doughty             Dion Phaneuf             

Last Minutes Defensive
   Center                   Left Wing                Right Wing               Defense                  Defense                  
   Boyd Devereaux           Martin Samuelsson        Blake Wheeler            Dion Phaneuf             Johnny Oduya             

Goaltenders
Starting : Viktor Fasth             
Backup : Jean-Sébastien Giguère   

Extra Forwards
Normal : Jordan Nolan, Matt Duchene, Dustin Byfuglien - PP : Scottie Upshall, Dustin Byfuglien - PK : Blake Wheeler
Extra Defensemen
Normal : Drew Doughty, Dion Phaneuf, Johnny Oduya - PP : Trevor Daley - PK : Trevor Daley, Tomas Kaberle
Penalty Shots
Anze Kopitar, Blake Wheeler, Guillaume Latendresse, Andrei Kostitsyn, Boyd Devereaux

% Time on Ice - Devils

Lines # - Real PCT - Wanted PCT - Time Play
Normal Forward
1 - 38% - 40% - 19:02
2 - 30% - 30% - 15:05
3 - 19% - 20% - 9:39
4 - 12% - 10% - 5:52
Normal Defense
1 - 43% - 40% - 21:27
2 - 28% - 30% - 13:58
3 - 19% - 20% - 9:35
4 - 9% - 10% - 4:38
PP Forward
1 - 66% - 60% - 1:22
2 - 34% - 40% - 0:43
PP Defense
1 - 65% - 60% - 1:21
2 - 35% - 40% - 0:44
PK Forward
1 - 83% - 60% - 5:19
2 - 17% - 40% - 1:05
PK Defense
1 - 60% - 60% - 3:50
2 - 40% - 40% - 2:34
PK3 Forward
1 - 0% - 60%
2 - 0% - 40%
PK3 Defense
1 - 0% - 60%
2 - 0% - 40%
44 Forward
1 - 100% - 60% - 1:53
2 - 0% - 40% - 0:00
44 Defense
1 - 72% - 60% - 1:21
2 - 28% - 40% - 0:32
Last Minute Offensive  - 0:00
Last Minute Defensive  - 0:00
Total
Forward - 60:00
Defense - 60:00

% Time on Ice - Kings

Lines # - Real PCT - Wanted PCT - Time Play
Normal Forward
1 - 31% - 30% - 15:11
2 - 30% - 30% - 14:57
3 - 25% - 25% - 12:14
4 - 15% - 15% - 7:16
Normal Defense
1 - 42% - 40% - 20:56
2 - 35% - 35% - 17:18
3 - 23% - 25% - 11:24
4 - 0% - 0% - 0:00
PP Forward
1 - 58% - 60% - 3:41
2 - 42% - 40% - 2:43
PP Defense
1 - 57% - 60% - 3:39
2 - 43% - 40% - 2:45
PK Forward
1 - 66% - 60% - 1:22
2 - 34% - 40% - 0:43
PK Defense
1 - 51% - 60% - 1:04
2 - 49% - 40% - 1:01
PK3 Forward
1 - 0% - 60%
2 - 0% - 40%
PK3 Defense
1 - 0% - 60%
2 - 0% - 40%
44 Forward
1 - 82% - 60% - 1:33
2 - 18% - 40% - 0:20
44 Defense
1 - 32% - 60% - 0:36
2 - 68% - 40% - 1:17
Last Minute Offensive  - 0:00
Last Minute Defensive  - 0:00
Total
Forward - 60:00
Defense - 60:00

Play by Play

1st period


0:01 of 1st period - Anze Kopitar wins face-off versus Vincent Lecavalier in neutral zone.
0:26 of 1st period - Dion Phaneuf is hit by Oliver Ekman-Larsson.
0:56 of 1st period - Snap shot by Chris Mcallister.
0:56 of 1st period - Deflect By Evgeny Artyukhin.
0:56 of 1st period - Stopped by Viktor Fasth without a rebound.
0:57 of 1st period - Logan Couture wins face-off versus Jordan Nolan in Kings zone.
1:04 of 1st period - Wrist shot by Greg Stewart.
1:04 of 1st period - Shot Misses the Net.
1:28 of 1st period - Wrist shot by Vincent Lecavalier.
1:28 of 1st period - Deflect By Zach Parise.
1:28 of 1st period - Shot Misses the Net.
1:28 of 1st period - Puck is out of play.
1:29 of 1st period - Matt Duchene wins face-off versus Jiri Hudler in Kings zone.
1:44 of 1st period - Snap shot by Matt Duchene.
1:44 of 1st period - Shot Misses the Net.
1:48 of 1st period - Wrist shot by Vladimir Tarasenko.
1:48 of 1st period - Shot Misses the Net.
2:24 of 1st period - Snap shot by Steve Ott.
2:24 of 1st period - Shot Misses the Net.
3:11 of 1st period - Wrist shot by Vladimir Tarasenko.
3:11 of 1st period - Shot Blocked by Jiri Hudler.
3:41 of 1st period - Minor Penalty to Brad Ference for Holding.
3:42 of 1st period - Anze Kopitar wins face-off versus Milan Michalek in Devils zone.
3:49 of 1st period - Slapshot by Andrei Kostitsyn.
3:49 of 1st period - Stopped by Evgeni Nabokov without a rebound.
3:50 of 1st period - Vincent Lecavalier wins face-off versus Anze Kopitar in Devils zone.
4:00 of 1st period - Slapshot by Dion Phaneuf.
4:00 of 1st period - Deflect By Vincent Lecavalier.
4:00 of 1st period - Stopped by Evgeni Nabokov with a rebound.
4:02 of 1st period - Wrist shot by Jordan Nolan.
4:02 of 1st period - Kings goal is going for a video replay.
4:02 of 1st period - The goal is good.
4:02 of 1st period - Goal by Jordan Nolan - Devils : 0 - Kings : 1.
4:03 of 1st period - Boyd Devereaux wins face-off versus Vincent Lecavalier in neutral zone.
4:06 of 1st period - Mike Komisarek is hit by Miroslav Satan and loses puck.
4:29 of 1st period - Guillaume Latendresse is hit by Jordan Eberle and loses puck.
4:58 of 1st period - Matt Duchene is hit by Greg Stewart and loses puck.
5:31 of 1st period - Snap shot by Johnny Oduya.
5:31 of 1st period - Stopped by Evgeni Nabokov with a rebound.
5:57 of 1st period - Wrist shot by Anze Kopitar.
5:57 of 1st period - Shot Misses the Net.
5:59 of 1st period - Wrist shot by Anze Kopitar.
5:59 of 1st period - Shot Misses the Net.
6:01 of 1st period - Wrist shot by Guillaume Latendresse.
6:01 of 1st period - Deflect By Anze Kopitar.
6:01 of 1st period - Stopped by Evgeni Nabokov with a rebound.
6:25 of 1st period - Snap shot by Vladimir Tarasenko.
6:25 of 1st period - Stopped by Evgeni Nabokov without a rebound.
6:26 of 1st period - Logan Couture wins face-off versus Boyd Devereaux in Devils zone.
6:26 of 1st period - Logan Couture is hit by Scottie Upshall.
6:48 of 1st period - Wrist shot by Cody Franson.
6:48 of 1st period - Stopped by Viktor Fasth without a rebound.
6:49 of 1st period - Vincent Lecavalier wins face-off versus Anze Kopitar in Kings zone.
6:58 of 1st period - Snap shot by Zach Parise.
6:58 of 1st period - Shot Blocked by Lubomir Visnovsky.
7:00 of 1st period - Wrist shot by Zach Parise.
7:00 of 1st period - Shot Misses the Net.
7:02 of 1st period - Slapshot by Vincent Lecavalier.
7:02 of 1st period - Stopped by Viktor Fasth with a rebound.
7:04 of 1st period - Wrist shot by Oliver Ekman-Larsson.
7:04 of 1st period - Stopped by Viktor Fasth without a rebound.
7:05 of 1st period - Jiri Hudler wins face-off versus Matt Duchene in Kings zone.
7:08 of 1st period - Slapshot by Jordan Eberle.
7:08 of 1st period - Shot Blocked by Andrei Kostitsyn.
7:10 of 1st period - Slapshot by Oliver Ekman-Larsson.
7:10 of 1st period - Goal by Oliver Ekman-Larsson - Devils : 1 - Kings : 1.
7:11 of 1st period - Matt Duchene wins face-off versus Vincent Lecavalier in neutral zone.
7:19 of 1st period - Andrei Kostitsyn is hit by Vincent Lecavalier and loses puck.
7:36 of 1st period - Anze Kopitar is hit by Mike Komisarek and loses puck.
7:45 of 1st period - Slapshot by Jordan Eberle.
7:45 of 1st period - Shot Misses the Net.
7:47 of 1st period - Slapshot by Jordan Eberle.
7:47 of 1st period - Shot Blocked by Anze Kopitar.
8:19 of 1st period - Snap shot by Logan Couture.
8:19 of 1st period - Stopped by Viktor Fasth with a rebound.
8:40 of 1st period - Off-side.
8:41 of 1st period - Vincent Lecavalier wins face-off versus Matt Duchene in neutral zone.
9:41 of 1st period - Logan Couture is hit by Scottie Upshall and loses puck.
9:56 of 1st period - Trevor Daley is hit by Vincent Lecavalier and loses puck.
12:16 of 1st period - Icing by Mike Komisarek.
12:17 of 1st period - Matt Duchene wins face-off versus Jiri Hudler in Devils zone.
12:18 of 1st period - Wrist shot by Andrei Kostitsyn.
12:18 of 1st period - Shot Misses the Net.
12:30 of 1st period - Jiri Hudler is hit by Drew Doughty and loses puck.
13:05 of 1st period - Vincent Lecavalier is hit by Anze Kopitar and loses puck.
13:41 of 1st period - Greg Stewart is hit by Jordan Nolan and loses puck.
13:57 of 1st period - Icing by Matt Duchene.
13:58 of 1st period - Matt Duchene wins face-off versus Steve Ott in Kings zone.
14:09 of 1st period - Snap shot by Chris Mcallister.
14:09 of 1st period - Shot Misses the Net.
14:11 of 1st period - Snap shot by Cody Franson.
14:11 of 1st period - Shot Misses the Net.
14:13 of 1st period - Slapshot by Steve Ott.
14:13 of 1st period - Deflect By Chris Mcallister.
14:13 of 1st period - Shot Blocked by Trevor Daley.
14:13 of 1st period - Puck is out of play.
14:14 of 1st period - Vincent Lecavalier wins face-off versus Anze Kopitar in Kings zone.
14:15 of 1st period - Backhand shot by Zach Parise.
14:15 of 1st period - Shot Blocked by Dion Phaneuf.
14:27 of 1st period - Slapshot by Anze Kopitar.
14:27 of 1st period - Shot Misses the Net.
14:29 of 1st period - Slapshot by Tomas Kaberle.
14:29 of 1st period - Shot Blocked by Ben Lovejoy.
14:31 of 1st period - Slapshot by Dion Phaneuf.
14:31 of 1st period - Shot Misses the Net.
15:10 of 1st period - Snap shot by Vincent Lecavalier.
15:10 of 1st period - Shot Misses the Net.
15:12 of 1st period - Snap shot by Vincent Lecavalier.
15:12 of 1st period - Stopped by Viktor Fasth without a rebound.
15:13 of 1st period - Anze Kopitar wins face-off versus Jiri Hudler in Kings zone.
15:13 of 1st period - Anze Kopitar is hit by Brad Ference.
15:23 of 1st period - Jordan Eberle is hit by Anze Kopitar and loses puck.
16:03 of 1st period - Wrist shot by Andrei Kostitsyn.
16:03 of 1st period - Stopped by Evgeni Nabokov with a rebound.
16:05 of 1st period - Wrist shot by Andrei Kostitsyn.
16:05 of 1st period - Shot Misses the Net.
16:37 of 1st period - Dave Tanabe is hit by Trevor Daley and loses puck.
17:31 of 1st period - Minor Penalty to Dustin Byfuglien for High sticking.
17:32 of 1st period - Martin Samuelsson wins face-off versus Logan Couture in Kings zone.
17:32 of 1st period - Martin Samuelsson is hit by Logan Couture.
17:37 of 1st period - Minor Penalty to Zach Parise for Hooking.
17:38 of 1st period - Anze Kopitar wins face-off versus Steve Ott in Devils zone.
17:39 of 1st period - Snap shot by Guillaume Latendresse.
17:39 of 1st period - Shot Blocked by Dave Tanabe.
17:49 of 1st period - Wrist shot by Vincent Lecavalier.
17:49 of 1st period - Shot Misses the Net.
18:17 of 1st period - Johnny Oduya is hit by Vincent Lecavalier.
18:45 of 1st period - Ben Lovejoy is hit by Matt Duchene and loses puck.
19:31 of 1st period - Penalty to Dustin Byfuglien is over, Dustin Byfuglien is back on ice.
19:37 of 1st period - Penalty to Zach Parise is over, Zach Parise is back on ice.
Goals for this period are 1 for Devils vs 1 for Kings.
Shots for this period are 7 for Devils vs 7 for Kings.

2nd period


0:01 of 2nd period - Anze Kopitar wins face-off versus Vincent Lecavalier in neutral zone.
0:31 of 2nd period - Logan Couture is hit by Guillaume Latendresse.
0:51 of 2nd period - Jordan Eberle is hit by Andrei Kostitsyn and loses puck.
1:30 of 2nd period - Brad Ference is hit by Tomas Kaberle and loses puck.
1:55 of 2nd period - Snap shot by Andrei Kostitsyn.
1:55 of 2nd period - Deflect By Matt Duchene.
1:55 of 2nd period - Shot Blocked by Brad Ference.
1:55 of 2nd period - Puck is out of play.
1:56 of 2nd period - Jiri Hudler wins face-off versus Jordan Nolan in Devils zone.
2:01 of 2nd period - Jordan Nolan is hit by Jordan Eberle and loses puck.
2:26 of 2nd period - Snap shot by Andrei Kostitsyn.
2:26 of 2nd period - Stopped by Evgeni Nabokov with a rebound.
2:28 of 2nd period - Snap shot by Matt Duchene.
2:28 of 2nd period - Shot Blocked by Oliver Ekman-Larsson.
2:30 of 2nd period - Snap shot by Vladimir Tarasenko.
2:30 of 2nd period - Stopped by Evgeni Nabokov with a rebound.
2:32 of 2nd period - Slapshot by Matt Duchene.
2:32 of 2nd period - Deflect By Vladimir Tarasenko.
2:32 of 2nd period - Shot Misses the Net.
2:32 of 2nd period - Puck is out of play.
2:33 of 2nd period - Anze Kopitar wins face-off versus Vincent Lecavalier in Devils zone.
2:49 of 2nd period - Snap shot by Tomas Kaberle.
2:49 of 2nd period - Goal by Tomas Kaberle - Devils : 1 - Kings : 2.
2:50 of 2nd period - Vincent Lecavalier wins face-off versus Anze Kopitar in neutral zone.
2:53 of 2nd period - Snap shot by Vincent Lecavalier.
2:53 of 2nd period - Stopped by Viktor Fasth without a rebound.
2:54 of 2nd period - Anze Kopitar wins face-off versus Vincent Lecavalier in Kings zone.
3:26 of 2nd period - Snap shot by Jordan Eberle.
3:26 of 2nd period - Shot Misses the Net.
3:30 of 2nd period - Wrist shot by Jiri Hudler.
3:30 of 2nd period - Stopped by Viktor Fasth without a rebound.
3:31 of 2nd period - Vincent Lecavalier wins face-off versus Miroslav Satan in Kings zone.
3:36 of 2nd period - Snap shot by Zach Parise.
3:36 of 2nd period - Shot Misses the Net.
3:38 of 2nd period - Wrist shot by Ben Lovejoy.
3:38 of 2nd period - Shot Blocked by Lubomir Visnovsky.
3:40 of 2nd period - Snap shot by Zach Parise.
3:40 of 2nd period - Stopped by Viktor Fasth without a rebound.
3:41 of 2nd period - Vincent Lecavalier wins face-off versus Boyd Devereaux in Kings zone.
4:12 of 2nd period - Slapshot by Mike Komisarek.
4:12 of 2nd period - Deflect By Zach Parise.
4:12 of 2nd period - Stopped by Viktor Fasth without a rebound.
4:13 of 2nd period - Matt Duchene wins face-off versus Jiri Hudler in Kings zone.
4:17 of 2nd period - Off-side.
4:18 of 2nd period - Jiri Hudler wins face-off versus Matt Duchene in neutral zone.
4:20 of 2nd period - Minor Penalty to Jiri Hudler for Slashing.
4:21 of 2nd period - Anze Kopitar wins face-off versus Milan Michalek in Devils zone.
5:09 of 2nd period - Snap shot by Patrick Eaves.
5:09 of 2nd period - Deflect By Zach Parise.
5:09 of 2nd period - Shot Misses the Net.
5:09 of 2nd period - Puck is out of play.
5:10 of 2nd period - Anze Kopitar wins face-off versus Patrick Eaves in Kings zone.
5:25 of 2nd period - Snap shot by Anze Kopitar.
5:25 of 2nd period - Stopped by Evgeni Nabokov with a rebound.
6:03 of 2nd period - Snap shot by Chris Mcallister.
6:03 of 2nd period - Stopped by Viktor Fasth without a rebound.
6:04 of 2nd period - Matt Duchene wins face-off versus Logan Couture in Kings zone.
6:20 of 2nd period - Penalty to Jiri Hudler is over, Jiri Hudler is back on ice.
6:25 of 2nd period - Anze Kopitar is hit by Logan Couture and loses puck.
6:40 of 2nd period - Snap shot by Scottie Upshall.
6:40 of 2nd period - Stopped by Evgeni Nabokov without a rebound.
6:41 of 2nd period - Vincent Lecavalier wins face-off versus Boyd Devereaux in Devils zone.
6:54 of 2nd period - Wrist shot by Zach Parise.
6:54 of 2nd period - Stopped by Viktor Fasth with a rebound.
7:01 of 2nd period - Off-side.
7:02 of 2nd period - Jiri Hudler wins face-off versus Vladimir Tarasenko in neutral zone.
7:14 of 2nd period - Wrist shot by Jiri Hudler.
7:14 of 2nd period - Shot Misses the Net.
7:16 of 2nd period - Snap shot by Jiri Hudler.
7:16 of 2nd period - Deflect By Jordan Eberle.
7:16 of 2nd period - Stopped by Viktor Fasth with a rebound.
7:28 of 2nd period - Vincent Lecavalier is hit by Anze Kopitar and loses puck.
7:35 of 2nd period - Wrist shot by Guillaume Latendresse.
7:35 of 2nd period - Shot Blocked by Zach Parise.
8:16 of 2nd period - Slapshot by Dustin Byfuglien.
8:16 of 2nd period - Stopped by Evgeni Nabokov with a rebound.
9:03 of 2nd period - Wrist shot by Guillaume Latendresse.
9:03 of 2nd period - Goal by Guillaume Latendresse - Devils : 1 - Kings : 3.
9:04 of 2nd period - Anze Kopitar wins face-off versus Vincent Lecavalier in neutral zone.
9:06 of 2nd period - Off-side.
9:07 of 2nd period - Vincent Lecavalier wins face-off versus Anze Kopitar in neutral zone.
9:34 of 2nd period - Tomas Kaberle is hit by Jordan Eberle and loses puck.
9:47 of 2nd period - Wrist shot by Jordan Eberle.
9:47 of 2nd period - Stopped by Viktor Fasth without a rebound.
9:48 of 2nd period - Logan Couture wins face-off versus Anze Kopitar in Kings zone.
9:57 of 2nd period - Greg Stewart is hit by Blake Wheeler and loses puck.
10:04 of 2nd period - Slapshot by Ben Lovejoy.
10:04 of 2nd period - Deflect By Greg Stewart.
10:04 of 2nd period - Stopped by Viktor Fasth without a rebound.
10:05 of 2nd period - Matt Duchene wins face-off versus Vincent Lecavalier in Kings zone.
10:37 of 2nd period - Slapshot by Trevor Daley.
10:37 of 2nd period - Stopped by Evgeni Nabokov with a rebound.
10:39 of 2nd period - Snap shot by Matt Duchene.
10:39 of 2nd period - Goal by Matt Duchene - Devils : 1 - Kings : 4.
10:39 of 2nd period - James Reimer enters game.
10:40 of 2nd period - Anze Kopitar wins face-off versus Vincent Lecavalier in neutral zone.
10:44 of 2nd period - Minor Penalty to Oliver Ekman-Larsson for Tripping.
10:45 of 2nd period - Milan Michalek wins face-off versus Anze Kopitar in Devils zone.
10:45 of 2nd period - Milan Michalek is hit by Andrei Kostitsyn.
10:57 of 2nd period - Snap shot by Anze Kopitar.
10:57 of 2nd period - Stopped by James Reimer with a rebound.
10:59 of 2nd period - Snap shot by Drew Doughty.
10:59 of 2nd period - Shot Blocked by Vincent Lecavalier.
11:01 of 2nd period - Snap shot by Jordan Nolan.
11:01 of 2nd period - Shot Misses the Net.
11:57 of 2nd period - Blake Wheeler is hit by Jiri Hudler and loses puck.
12:44 of 2nd period - Penalty to Oliver Ekman-Larsson is over, Oliver Ekman-Larsson is back on ice.
12:56 of 2nd period - Mike Komisarek is hit by Miroslav Satan and loses puck.
13:07 of 2nd period - Trevor Daley is hit by Patrick Eaves and loses puck.
13:25 of 2nd period - Minor Penalty to Miroslav Satan for Hooking.
13:26 of 2nd period - Boyd Devereaux wins face-off versus Logan Couture in Kings zone.
13:26 of 2nd period - Boyd Devereaux is hit by Logan Couture.
14:27 of 2nd period - Slapshot by Andrei Kostitsyn.
14:27 of 2nd period - Shot Misses the Net.
15:14 of 2nd period - Slapshot by Steve Ott.
15:14 of 2nd period - Shot Misses the Net.
15:20 of 2nd period - Evgeny Artyukhin is hit by Lubomir Visnovsky and loses puck.
15:25 of 2nd period - Penalty to Miroslav Satan is over, Miroslav Satan is back on ice.
15:25 of 2nd period - Wrist shot by Scottie Upshall.
15:25 of 2nd period - Shot Misses the Net.
15:27 of 2nd period - Slapshot by Trevor Daley.
15:27 of 2nd period - Stopped by James Reimer with a rebound.
15:29 of 2nd period - Snap shot by Dustin Byfuglien.
15:29 of 2nd period - Shot Misses the Net.
15:33 of 2nd period - Slapshot by Scottie Upshall.
15:33 of 2nd period - Stopped by James Reimer without a rebound.
15:34 of 2nd period - Jiri Hudler wins face-off versus Anze Kopitar in Devils zone.
15:34 of 2nd period - Jiri Hudler is hit by Anze Kopitar.
15:56 of 2nd period - Patrick Eaves is hit by Tomas Kaberle and loses puck.
16:01 of 2nd period - Slapshot by Matt Duchene.
16:01 of 2nd period - Shot Misses the Net.
16:03 of 2nd period - Slapshot by Trevor Daley.
16:03 of 2nd period - Shot Blocked by Greg Stewart.
16:23 of 2nd period - Icing by Vincent Lecavalier.
16:24 of 2nd period - Vincent Lecavalier wins face-off versus Anze Kopitar in Devils zone.
16:24 of 2nd period - Vincent Lecavalier is hit by Blake Wheeler.
16:46 of 2nd period - Cody Franson is hit by Andrei Kostitsyn and loses puck.
16:57 of 2nd period - Snap shot by Cody Franson.
16:57 of 2nd period - Stopped by Viktor Fasth with a rebound.
17:03 of 2nd period - Matt Duchene is hit by Zach Parise and loses puck.
17:23 of 2nd period - Vladimir Tarasenko is hit by Michael Frolik and loses puck.
17:48 of 2nd period - Tomas Kaberle is hit by Zach Parise and loses puck.
17:56 of 2nd period - Off-side.
17:57 of 2nd period - Anze Kopitar wins face-off versus Jiri Hudler in neutral zone.
18:30 of 2nd period - Snap shot by Boyd Devereaux.
18:30 of 2nd period - Stopped by James Reimer with a rebound.
18:32 of 2nd period - Wrist shot by Boyd Devereaux.
18:32 of 2nd period - Shot Misses the Net.
18:41 of 2nd period - Icing by Ben Lovejoy.
18:42 of 2nd period - Patrick Eaves wins face-off versus Jordan Nolan in Devils zone.
18:51 of 2nd period - Snap shot by Jordan Eberle.
18:51 of 2nd period - Stopped by Viktor Fasth without a rebound.
18:52 of 2nd period - Jiri Hudler wins face-off versus Anze Kopitar in Kings zone.
18:57 of 2nd period - Wrist shot by Milan Michalek.
18:57 of 2nd period - Stopped by Viktor Fasth with a rebound.
18:59 of 2nd period - Wrist shot by Milan Michalek.
18:59 of 2nd period - Stopped by Viktor Fasth without a rebound.
19:00 of 2nd period - Anze Kopitar wins face-off versus Jiri Hudler in Kings zone.
Goals for this period are 0 for Devils vs 3 for Kings.
Shots for this period are 13 for Devils vs 13 for Kings.

3rd period


0:01 of 3rd period - Vincent Lecavalier wins face-off versus Anze Kopitar in neutral zone.
0:31 of 3rd period - Snap shot by Andrei Kostitsyn.
0:31 of 3rd period - Shot Blocked by Oliver Ekman-Larsson.
1:13 of 3rd period - Slapshot by Martin Samuelsson.
1:13 of 3rd period - Stopped by James Reimer without a rebound.
1:14 of 3rd period - Jordan Nolan wins face-off versus Jordan Eberle in Devils zone.
1:35 of 3rd period - Wrist shot by Martin Samuelsson.
1:35 of 3rd period - Shot Misses the Net.
1:37 of 3rd period - Snap shot by Jordan Nolan.
1:37 of 3rd period - Deflect By Dustin Byfuglien.
1:37 of 3rd period - Shot Misses the Net.
1:37 of 3rd period - Puck is out of play.
1:38 of 3rd period - Logan Couture wins face-off versus Anze Kopitar in Devils zone.
1:38 of 3rd period - Logan Couture is hit by Trevor Daley.
1:44 of 3rd period - Logan Couture is hit by Blake Wheeler and loses puck.
2:37 of 3rd period - Snap shot by Miroslav Satan.
2:37 of 3rd period - Stopped by James Reimer without a rebound.
2:38 of 3rd period - Anze Kopitar wins face-off versus Vincent Lecavalier in Devils zone.
2:39 of 3rd period - Snap shot by Blake Wheeler.
2:39 of 3rd period - Deflect By Anze Kopitar.
2:39 of 3rd period - Stopped by James Reimer with a rebound.
2:41 of 3rd period - Snap shot by Blake Wheeler.
2:41 of 3rd period - Stopped by James Reimer without a rebound.
2:42 of 3rd period - Vincent Lecavalier wins face-off versus Anze Kopitar in Devils zone.
3:08 of 3rd period - Off-side.
3:09 of 3rd period - Matt Duchene wins face-off versus Logan Couture in neutral zone.
3:45 of 3rd period - Snap shot by Milan Michalek.
3:45 of 3rd period - Stopped by Viktor Fasth with a rebound.
4:21 of 3rd period - Chris Mcallister is hit by Martin Samuelsson and loses puck.
4:40 of 3rd period - Wrist shot by Logan Couture.
4:40 of 3rd period - Stopped by Viktor Fasth without a rebound.
4:41 of 3rd period - Anze Kopitar wins face-off versus Logan Couture in Kings zone.
4:53 of 3rd period - Snap shot by Blake Wheeler.
4:53 of 3rd period - Stopped by James Reimer with a rebound.
5:07 of 3rd period - Dion Phaneuf is hit by Jordan Eberle and loses puck.
5:14 of 3rd period - Wrist shot by Jiri Hudler.
5:14 of 3rd period - Stopped by Viktor Fasth with a rebound.
5:32 of 3rd period - Cody Franson is hit by Matt Duchene and loses puck.
5:47 of 3rd period - Snap shot by Vladimir Tarasenko.
5:47 of 3rd period - Shot Blocked by Brad Ference.
5:49 of 3rd period - Slapshot by Tomas Kaberle.
5:49 of 3rd period - Deflect By Andrei Kostitsyn.
5:49 of 3rd period - Stopped by James Reimer with a rebound.
5:57 of 3rd period - Snap shot by Andrei Kostitsyn.
5:57 of 3rd period - Stopped by James Reimer with a rebound.
5:59 of 3rd period - Wrist shot by Andrei Kostitsyn.
5:59 of 3rd period - Shot Misses the Net.
6:01 of 3rd period - Slapshot by Vladimir Tarasenko.
6:01 of 3rd period - Stopped by James Reimer with a rebound.
6:03 of 3rd period - Snap shot by Matt Duchene.
6:03 of 3rd period - Deflect By Michael Frolik.
6:03 of 3rd period - Shot Misses the Net.
6:03 of 3rd period - Puck is out of play.
6:04 of 3rd period - Milan Michalek wins face-off versus Anze Kopitar in Devils zone.
6:39 of 3rd period - Snap shot by Vincent Lecavalier.
6:39 of 3rd period - Stopped by Viktor Fasth without a rebound.
6:40 of 3rd period - Anze Kopitar wins face-off versus Jiri Hudler in Kings zone.
6:55 of 3rd period - Slapshot by Drew Doughty.
6:55 of 3rd period - Deflect By Blake Wheeler.
6:55 of 3rd period - Shot Blocked by Dave Tanabe.
6:55 of 3rd period - Puck is out of play.
6:56 of 3rd period - Boyd Devereaux wins face-off versus Vincent Lecavalier in Devils zone.
7:09 of 3rd period - Snap shot by Miroslav Satan.
7:09 of 3rd period - Shot Misses the Net.
7:21 of 3rd period - Anze Kopitar is hit by Ben Lovejoy.
7:57 of 3rd period - Backhand shot by Andrei Kostitsyn.
7:57 of 3rd period - Deflect By Vladimir Tarasenko.
7:57 of 3rd period - Shot Misses the Net.
7:57 of 3rd period - Puck is out of play.
7:58 of 3rd period - Vincent Lecavalier wins face-off versus Matt Duchene in Devils zone.
8:03 of 3rd period - Slapshot by Oliver Ekman-Larsson.
8:03 of 3rd period - Stopped by Viktor Fasth with a rebound.
8:43 of 3rd period - Wrist shot by Vladimir Tarasenko.
8:43 of 3rd period - Shot Misses the Net.
8:45 of 3rd period - Wrist shot by Vladimir Tarasenko.
8:45 of 3rd period - Shot Misses the Net.
9:15 of 3rd period - Slapshot by Dave Tanabe.
9:15 of 3rd period - Stopped by Viktor Fasth without a rebound.
9:16 of 3rd period - Vincent Lecavalier wins face-off versus Anze Kopitar in Kings zone.
9:21 of 3rd period - Wrist shot by Zach Parise.
9:21 of 3rd period - Stopped by Viktor Fasth with a rebound.
9:43 of 3rd period - Johnny Oduya is hit by Mike Komisarek.
9:47 of 3rd period - Snap shot by Greg Stewart.
9:47 of 3rd period - Shot Blocked by Trevor Daley.
9:49 of 3rd period - Wrist shot by Greg Stewart.
9:49 of 3rd period - Shot Blocked by Scottie Upshall.
9:51 of 3rd period - Slapshot by Mike Komisarek.
9:51 of 3rd period - Deflect By Greg Stewart.
9:51 of 3rd period - Stopped by Viktor Fasth without a rebound.
9:52 of 3rd period - Logan Couture wins face-off versus Jordan Nolan in Kings zone.
9:53 of 3rd period - Slapshot by Greg Stewart.
9:53 of 3rd period - Stopped by Viktor Fasth with a rebound.
10:38 of 3rd period - Off-side.
10:39 of 3rd period - Boyd Devereaux wins face-off versus Jiri Hudler in neutral zone.
11:15 of 3rd period - Michael Frolik is hit by Blake Wheeler.
11:31 of 3rd period - Slapshot by Andrei Kostitsyn.
11:31 of 3rd period - Shot Misses the Net.
11:33 of 3rd period - Snap shot by Andrei Kostitsyn.
11:33 of 3rd period - Shot Blocked by Oliver Ekman-Larsson.
11:35 of 3rd period - Slapshot by Johnny Oduya.
11:35 of 3rd period - Stopped by James Reimer with a rebound.
11:37 of 3rd period - Wrist shot by Matt Duchene.
11:37 of 3rd period - Deflect By Michael Frolik.
11:37 of 3rd period - Goal by Matt Duchene - Devils : 1 - Kings : 5.
11:38 of 3rd period - Jiri Hudler wins face-off versus Anze Kopitar in neutral zone.
11:59 of 3rd period - Dion Phaneuf is hit by Jiri Hudler and loses puck.
12:06 of 3rd period - Slapshot by Jiri Hudler.
12:06 of 3rd period - Shot Misses the Net.
12:58 of 3rd period - Mike Komisarek is hit by Anze Kopitar and loses puck.
13:03 of 3rd period - Snap shot by Guillaume Latendresse.
13:03 of 3rd period - Shot Blocked by Cody Franson.
13:05 of 3rd period - Snap shot by Tomas Kaberle.
13:05 of 3rd period - Stopped by James Reimer with a rebound.
13:07 of 3rd period - Slapshot by Tomas Kaberle.
13:07 of 3rd period - Shot Misses the Net.
13:09 of 3rd period - Wrist shot by Anze Kopitar.
13:09 of 3rd period - Shot Misses the Net.
13:11 of 3rd period - Slapshot by Dion Phaneuf.
13:11 of 3rd period - Shot Blocked by Milan Michalek.
13:13 of 3rd period - Wrist shot by Guillaume Latendresse.
13:13 of 3rd period - Shot Blocked by Cody Franson.
13:15 of 3rd period - Snap shot by Anze Kopitar.
13:15 of 3rd period - Shot Misses the Net.
13:17 of 3rd period - Snap shot by Guillaume Latendresse.
13:17 of 3rd period - Shot Misses the Net.
13:19 of 3rd period - Slapshot by Tomas Kaberle.
13:19 of 3rd period - Deflect By Anze Kopitar.
13:19 of 3rd period - Stopped by James Reimer with a rebound.
13:21 of 3rd period - Wrist shot by Anze Kopitar.
13:21 of 3rd period - Deflect By Blake Wheeler.
13:21 of 3rd period - Stopped by James Reimer without a rebound.
13:22 of 3rd period - Boyd Devereaux wins face-off versus Vincent Lecavalier in Devils zone.
13:37 of 3rd period - Snap shot by Scottie Upshall.
13:37 of 3rd period - Stopped by James Reimer with a rebound.
13:57 of 3rd period - Wrist shot by Patrick Eaves.
13:57 of 3rd period - Shot Misses the Net.
14:19 of 3rd period - Slapshot by Chris Mcallister.
14:19 of 3rd period - Stopped by Viktor Fasth without a rebound.
14:20 of 3rd period - Boyd Devereaux wins face-off versus Vincent Lecavalier in Kings zone.
14:20 of 3rd period - Boyd Devereaux is hit by Michael Frolik.
14:47 of 3rd period - Icing by Dave Tanabe.
14:48 of 3rd period - Matt Duchene wins face-off versus Zach Parise in Devils zone.
14:49 of 3rd period - Snap shot by Andrei Kostitsyn.
14:49 of 3rd period - Stopped by James Reimer with a rebound.
14:51 of 3rd period - Slapshot by Vladimir Tarasenko.
14:51 of 3rd period - Stopped by James Reimer without a rebound.
14:52 of 3rd period - Matt Duchene wins face-off versus Logan Couture in Devils zone.
15:01 of 3rd period - Slapshot by Andrei Kostitsyn.
15:01 of 3rd period - Shot Misses the Net.
15:03 of 3rd period - Snap shot by Andrei Kostitsyn.
15:03 of 3rd period - Shot Misses the Net.
15:05 of 3rd period - Slapshot by Dion Phaneuf.
15:05 of 3rd period - Stopped by James Reimer with a rebound.
15:07 of 3rd period - Slapshot by Tomas Kaberle.
15:07 of 3rd period - Shot Misses the Net.
15:14 of 3rd period - Minor Penalty to Vincent Lecavalier for Tripping.
15:15 of 3rd period - Anze Kopitar wins face-off versus Patrick Eaves in Devils zone.
15:16 of 3rd period - Snap shot by Andrei Kostitsyn.
15:16 of 3rd period - Shot Misses the Net.
15:18 of 3rd period - Wrist shot by Anze Kopitar.
15:18 of 3rd period - Shot Blocked by Milan Michalek.
15:20 of 3rd period - Backhand shot by Drew Doughty.
15:20 of 3rd period - Stopped by James Reimer without a rebound.
15:21 of 3rd period - Anze Kopitar wins face-off versus Patrick Eaves in Devils zone.
17:14 of 3rd period - Penalty to Vincent Lecavalier is over, Vincent Lecavalier is back on ice.
17:47 of 3rd period - Dion Phaneuf is hit by Oliver Ekman-Larsson and loses puck.
18:04 of 3rd period - Snap shot by Michael Frolik.
18:04 of 3rd period - Shot Misses the Net.
19:22 of 3rd period - Blake Wheeler is hit by Brad Ference and loses puck.
19:55 of 3rd period - Wrist shot by Steve Ott.
19:55 of 3rd period - Shot Misses the Net.
Goals for this period are 0 for Devils vs 1 for Kings.
Shots for this period are 10 for Devils vs 18 for Kings.


Output by the SimonT Hockey Simulator (STHS) for François Prévost -- Original Page W3C XHTML 1.0 Valid
Hockey Simulator - Hockey Simulation - Hockey Manager